 Dungeon Crawl Stone Soup version 0.30.0-21-gd299b56b3f (webtiles) character file.

Game seed: 11679490149105847127

2173 qw the Blocker (level 9, -2/54 HPs)
             Began as a Gargoyle Fighter on June 2, 2023.
             Slain by Grinder (4 damage)
             ... on level 6 of the Dungeon.
             The game lasted 00:02:23 (4529 turns).

qw the Blocker (Gargoyle Fighter)                   Turns: 4529, Time: 00:02:24

Health: -2/54      AC: 16    Str: 24    XL:     9   Next: 32%
Magic:  9/9        EV:  6    Int:  9    God:
Gold:   277        SH: 15    Dex:  9    Spells: 8/8 levels left

rFire   . . .        Y - +1 war axe (flame)
rCold   . . .        m - +0 tower shield
rNeg    + . .        p - +0 chain mail
rPois   inf          b - +0 helmet
rElec   +            (no cloak)
rCorr   .            (no gloves)
SInv    .            (no boots)
Will    .....        (no amulet) Stlth
                     (no ring)
HPRegen 0.29/turn    (no ring)
MPRegen 0.11/turn

%: no passive effects
@: no status effects
A: sickness immunity, AC +6, negative energy resistance 1, electricity
resistance, torment resistance 1, petrification resistance
a: no special abilities


You were on level 6 of the Dungeon.
You visited 1 branch of the dungeon, and saw 6 of its levels.

You collected 277 gold pieces.


Innate Abilities, Weirdness & Mutations

You are immune to sickness and miasma.
Your stone body is resilient. (AC +6)
You are immune to poison.
You resist negative energy. (rN+)
You are resistant to electric shocks. (rElec)
You are resistant to unholy torment.
You are immune to petrification.


   Skills:
 - Level 5.0 Fighting
 - Level 7.1 Axes
 + Level 0.0 Throwing
 - Level 3.2 Armour
 - Level 1.0 Dodging
 - Level 10.0 Shields


You had 8 spell levels left.
You didn't know any spells.
Your spell library was empty.

Inventory:

Hand Weapons
 Y - a +1 war axe of flaming (weapon)
Missiles
 g - 5 boomerangs (quivered)
Armour
 b - a +0 helmet (worn)
 m - a +0 tower shield (worn)
 p - a +0 chain mail (worn)
Scrolls
 c - a scroll of blinking {unknown}
 f - a scroll of identify
Potions
 d - a potion of might
 i - 2 potions of attraction
 l - a potion of cancellation {unknown}
 n - 2 potions of lignification
 o - a potion of heal wounds {unknown}

Dungeon Overview and Level Annotations

Branches:
Dungeon (6/15)
 Temple: D:4-7

Altars:
Ru
Wu Jian
Yredelemnul

Annotations:
D:6 Eustachio, Grinder, Prince Ribbit


Message History

The river rat is heavily wounded.
You hit the rat. You burn the rat.
You kill the rat!
The rat's corpse disappears in a puff of smoke!
You hit the orc but do no damage. You block the river rat's attack.
You block the orc's attack.
Prince Ribbit blinks!
The river rat barely misses you.
You barely miss the river rat.
The river rat is heavily wounded.
You hit the orc. You burn the orc. You slash the rat! You burn the rat.
You kill the rat!
The rat's corpse disappears in a puff of smoke!
The kobold throws a stone.
You block the stone. You block the river rat's attack. Prince Ribbit hits you!
You block the quokka's attack. You block the orc's attack.
Something hits you but does no damage. Grinder gestures at you.
You struggle to resist.
You closely miss the river rat.
The river rat is heavily wounded.
You miss the quokka. You miss Eustachio. You slash Prince Ribbit!
You burn Prince Ribbit. You miss something. You closely miss Grinder.
You hit the orc. You burn the orc.
You kill the orc!
Prince Ribbit blinks!
The river rat bites you but does no damage.
The quokka bites you but does no damage.
Eustachio hits you but does no damage. You block something's attack.
Grinder hits you but does no damage.
You hit the river rat. You burn the river rat.
The river rat is severely wounded.
You hit Eustachio. You burn Eustachio. You slash something! You burn something.
You barely miss Grinder. You closely miss the quokka.
The river rat bites you but does no damage.
You block the quokka's attack. Eustachio hits you with a +0 falchion.
The kobold throws a stone.
You block the stone. Something hits you but does no damage.
A sleepcap comes into view.
Grinder hits you.
You die...

#.......## .........#
.........# ###
.........# >.#
......!..# ..#
......... ..#
#.......### ..#
.....>r5..# ..#
.......@r.# ..#
......{)@.....f ###
##.....K.....#.[#
.#....KF...#...##
#######o##...>...##..##
c.....)K..).....#. ..#
##########)..... . #.#
# #...... #


You could see Eustachio, Prince Ribbit, Grinder, a sleepcap (wandering), a river
rat (summoned), a quokka (summoned) and 2 kobolds.

Vanquished Creatures
  Sigmund (D:5)
  A wyvern (D:5)
  Edmund (D:6)
  Menkaure (D:5)
  Duvessa (D:5)
  A water moccasin (D:5)
  A black bear (D:5)
  A centaur (D:6)
  An ogre (D:3)
  2 kobold brigands (D:6)
  A phantom (D:4)
  2 scorpions (D:5)
  Dowan (D:5)
  A howler monkey (D:4)
  A jelly (D:5)
  An orc priest (D:3)
  8 hounds
  A sleepcap (D:5)
  3 iguanas
  6 orc wizards
  A gnoll (D:4)
  7 adders
  A shadow imp (D:5)
  2 worms
  3 dart slugs
  19 orcs
  7 ball pythons
  10 endoplasms
  3 giant cockroaches
  8 goblins
  5 hobgoblins
  4 jackals (D:4)
  13 kobolds
  6 quokkas
  5 bats
  2 frilled lizards (D:1)
  8 rats
140 creatures vanquished.

Vanquished Creatures (others)
  A kobold (D:6)
1 creature vanquished.

Grand Total: 141 creatures vanquished

Notes
Turn   | Place    | Note
-------+----------+-------------------------------------------
     0 | D:1      | qw the Gargoyle Fighter began the quest for the Orb.
     0 | D:1      | Reached XP level 1. HP: 14/14 MP: 1/1
     0 | D:1      | 0 ||| qw: Version: 0.2-a-102-gdf20003
     0 | D:1      | 0 ||| qw: Game counter: 816
     0 | D:1      | 0 ||| qw: Always use a shield: true
     0 | D:1      | 0 ||| qw: God list: Okawaru
     0 | D:1      | 0 ||| qw: Allow faded altars: false
     0 | D:1      | 0 ||| qw: Do Orc after D:15 true
     0 | D:1      | 0 ||| qw: Do second Lair branch before Depths: true
     0 | D:1      | 0 ||| qw: Lair rune preference: random
     0 | D:1      | 0 ||| qw: Plans: Normal, Zot:1-4, Slime:5, God:TSO, Crypt,
                  | Tomb, Pan, Hells, Abyss, Win
     0 | D:1      | 0 ||| PLANNING D:1-11
   187 | D:1      | Reached XP level 2. HP: 19/19 MP: 2/2
   455 | D:1      | Reached skill level 3 in Axes
   521 | D:1      | Reached XP level 3. HP: 23/23 MP: 3/3
   566 | D:1      | 566 ||| READING scroll labelled AJIAWNE JOELLU.
   567 | D:1      | 567 ||| READING 2 scrolls labelled NOMPOUBOFA.
   568 | D:1      | 568 ||| READING scroll labelled DUYRETAJUG.
   716 | D:2      | 716 ||| Stepping ~*~*~tactically~*~*~ (stealth).
   717 | D:2      | 717 ||| Stepping ~*~*~tactically~*~*~ (stealth).
   791 | D:2      | 791 ||| Stepping ~*~*~tactically~*~*~ (stealth).
   822 | D:2      | 822 ||| Stepping ~*~*~tactically~*~*~ (hiding).
   823 | D:2      | 823 ||| Stepping ~*~*~tactically~*~*~ (hiding).
   961 | D:2      | 961 ||| Stepping ~*~*~tactically~*~*~ (hiding).
   962 | D:2      | 962 ||| Stepping ~*~*~tactically~*~*~ (hiding).
   963 | D:2      | 963 ||| Stepping ~*~*~tactically~*~*~ (hiding).
   965 | D:2      | 965 ||| Stepping ~*~*~tactically~*~*~ (hiding).
  1185 | D:2      | 1185 ||| Stepping ~*~*~tactically~*~*~ (hiding).
  1381 | D:2      | 1381 ||| READING scroll labelled KEJIYLU QEN XUNNO.
  1398 | D:2      | 1398 ||| READING scroll labelled AZAFIM ASONAUCK.
  1399 | D:2      | 1399 ||| DROPPING +0 whip.
  1400 | D:2      | 1400 ||| READING scroll labelled CURHEZE FILL.
  1401 | D:2      | 1401 ||| READING scroll labelled EFEFOPROLL.
  1402 | D:2      | 1402 ||| DRINKING 2 grey potions.
  1447 | D:3      | Reached XP level 4. HP: 28/28 MP: 4/4
  1464 | D:3      | 1464 ||| Stepping ~*~*~tactically~*~*~ (stealth).
  1465 | D:3      | 1465 ||| Stepping ~*~*~tactically~*~*~ (stealth).
  1506 | D:3      | 1506 ||| Stepping ~*~*~tactically~*~*~ (hiding).
  1518 | D:3      | HP: 5/28 [something/magic dart (5)]
  1526 | D:3      | HP: 5/28 [something (1)]
  1531 | D:3      | HP: 6/28 [something (1)]
  1534 | D:3      | Reached XP level 5. HP: 6/32 MP: 5/5
  1658 | D:3      | Noticed an ogre
  1666 | D:3      | Killed an ogre
  1726 | D:3      | Found a faded altar of an unknown god.
  2090 | D:3      | Reached XP level 6. HP: 37/37 MP: 6/6
  2208 | D:3      | 2208 ||| UPGRADING to +2 ring mail of willpower.
  2218 | D:3      | 2218 ||| DROPPING +0 scale mail.
  2219 | D:3      | 2219 ||| READING scroll labelled PUPUS HUEF.
  2220 | D:3      | 2220 ||| READING scroll labelled YFREMI VEIZE.
  2224 | D:3      | 2224 ||| DRINKING 2 murky inky potions.
  2295 | D:4      | Reached skill level 1 in Dodging
  2455 | D:4      | Reached skill level 6 in Axes
  2455 | D:4      | Reached XP level 7. HP: 34/43 MP: 7/7
  2665 | D:4      | 2665 ||| Stepping ~*~*~tactically~*~*~ (stealth).
  2680 | D:4      | 2680 ||| Stepping ~*~*~tactically~*~*~ (stealth).
  2682 | D:4      | 2682 ||| Stepping ~*~*~tactically~*~*~ (stealth).
  2764 | D:4      | Found an ornate altar of the Wu Jian Council.
  2898 | D:4      | Found a basalt altar of Yredelemnul.
  3037 | D:4      | 3037 ||| UPGRADING to +1 scale mail of willpower.
  3047 | D:4      | 3047 ||| DROPPING +2 ring mail of willpower.
  3048 | D:4      | 3048 ||| UPGRADING to +0 tower shield.
  3058 | D:4      | 3058 ||| DROPPING +0 buckler.
  3059 | D:4      | 3059 ||| UPGRADING to +0 chain mail.
  3069 | D:4      | 3069 ||| DROPPING +1 scale mail of willpower.
  3070 | D:4      | 3070 ||| READING scroll labelled GARROS TIUM.
  3071 | D:4      | 3071 ||| DRINKING 2 smoky pink potions.
  3072 | D:4      | 3072 ||| DRINKING 3 metallic sapphire potions.
  3111 | D:4      | 3111 ||| DROPPING potion of flight.
  3121 | D:4      | 3121 ||| Stepping ~*~*~tactically~*~*~ (stealth).
  3122 | D:4      | 3122 ||| Stepping ~*~*~tactically~*~*~ (stealth).
  3123 | D:4      | 3123 ||| Stepping ~*~*~tactically~*~*~ (stealth).
  3124 | D:4      | 3124 ||| Stepping ~*~*~tactically~*~*~ (stealth).
  3126 | D:4      | 3126 ||| Stepping ~*~*~tactically~*~*~ (hiding).
  3127 | D:4      | 3127 ||| Stepping ~*~*~tactically~*~*~ (hiding).
  3258 | D:5      | Entered Level 5 of the Dungeon
  3258 | D:5      | Noticed Duvessa
  3258 | D:5      | Noticed Dowan
  3266 | D:5      | Killed Duvessa
  3267 | D:5      | Reached skill level 4 in Shields
  3272 | D:5      | Reached skill level 5 in Shields
  3273 | D:5      | HP: 8/43 [Dowan/+0 dagger (4)]
  3274 | D:5      | 3274 ||| READING 2 scrolls of teleportation.
  3275 | D:5      | Killed Dowan
  3485 | D:5      | Noticed Sigmund
  3486 | D:5      | 3486 ||| DRINKING potion of curing.
  3486 | D:5      | 3486 ||| (to cure confusion)
  3487 | D:5      | 3487 ||| Stepping ~*~*~tactically~*~*~ (hiding).
  3501 | D:5      | Killed Sigmund
  3502 | D:5      | Reached skill level 6 in Shields
  3502 | D:5      | Reached XP level 8. HP: 34/48 MP: 8/8
  3599 | D:5      | Reached skill level 7 in Shields
  3795 | D:5      | Reached skill level 8 in Shields
  3870 | D:5      | Noticed Menkaure
  3871 | D:5      | 3871 ||| Stepping ~*~*~tactically~*~*~ (hiding).
  3878 | D:5      | Killed Menkaure
  3879 | D:5      | Reached skill level 9 in Shields
  4169 | D:5      | Found a sacrificial altar of Ru.
  4236 | D:5      | 4236 ||| UPGRADING to +0 helmet.
  4241 | D:5      | 4241 ||| READING scroll labelled TOOVIBBIPAF.
  4262 | D:6      | Noticed a wyvern
  4273 | D:6      | 4273 ||| STAIRDANCE
  4277 | D:5      | HP: 12/48 [wyvern (3)]
  4278 | D:5      | 4278 ||| READING 2 scrolls of teleportation.
  4279 | D:5      | Killed a wyvern
  4280 | D:5      | Reached XP level 9. HP: 14/52 MP: 9/9
  4428 | D:6      | 4428 ||| Stepping ~*~*~tactically~*~*~ (stealth).
  4437 | D:6      | Reached skill level 10 in Shields
  4456 | D:6      | 4456 ||| Stepping ~*~*~tactically~*~*~ (stealth).
  4476 | D:6      | Noticed Grinder
  4481 | D:6      | 4481 ||| DRINKING potion of curing.
  4481 | D:6      | 4481 ||| (to cure confusion)
  4482 | D:6      | Noticed Eustachio
  4483 | D:6      | Noticed Prince Ribbit
  4484 | D:6      | Noticed Edmund
  4506 | D:6      | Killed Edmund
  4516 | D:6      | HP: 13/53 [centaur/arrow (2)]
  4517 | D:6      | 4517 ||| READING scroll of teleportation.
  4527 | D:6      | HP: 6/54 [Prince Ribbit (9)]
  4529 | D:6      | HP: 2/54 [Eustachio/+0 falchion (5)]
  4529 | D:6      | Slain by Grinder

Levels and vault maps discovered:
D:1:      ncdulo_lavacross, layout_basic
D:2:      minmay_chambers_of_twos, layout_rooms
D:3:      layout_loops_ring, shapermc_ecumenical_altar_flowoftime
D:4:      layout_loops_cross, lemuel_round_altar, mainiacjoe_overflow_paths
D:5:      nicolae_cairo_tiling_large, layout_rooms,
          nicolae_ru_the_path_less_chosen, uniq_sigmund, uniq_menkaure,
          uniq_duvessa
D:6:      layout_rooms, gammafunk_temple_overflow_pools, uniq_grinder,
          uniq_edmund, uniq_prince_ribbit1, uniq_eustachio,
          uniq_crazy_yiuf_cottage

Skill      XL: |  1  2  3  4  5  6  7  8  9 |
---------------+----------------------------+-----
Axes           | 2 3 4 5 6 7 |  7.1
Dodging        | 1 |  1.0
Fighting       | 4 5 |  5.0
Shields        | 6 9 10 | 10.0
Armour         | |  3.2

Action                     |  1- 3 |  4- 6 |  7- 9 || total
---------------------------+-------+-------+-------++-------
  Melee: War axe           |    94 |    97 |   247 ||   438
  Throw: Boomerang         |    28 |    33 |    27 ||    88
    Use: Scroll            |     7 |     2 |     5 ||    14
         Potion            |     1 |     1 |     4 ||     6
 Armour: Scale mail        |    55 |    26 |       ||    81
         Ring mail         |       |    26 |    19 ||    45
         Chain mail        |       |       |   139 ||   139
  Dodge: Dodged            |    41 |    44 |    64 ||   149
  Block: Buckler           |    20 |     9 |    11 ||    40
         Tower shield      |       |       |   189 ||   189

Table legend:
 A = Non-vault XP
 B = Vault XP
 C = Vault XP percentage of total XP
 D = Non-vault monster count
 E = Vault monster count
 F = Vault count percentage of total count
                 A         B        C        D         E       F
            +---------+---------+-------+---------+---------+-------
      Total |    2312 |     793 |  25.5 |     127 |      13 |   9.3
            +---------+---------+-------+---------+---------+-------
        D:1 |      34 |       0 |   0.0 |      18 |       0 |   0.0
        D:2 |      30 |      15 |  33.3 |      12 |       8 |  40.0
        D:3 |     240 |       0 |   0.0 |      19 |       0 |   0.0
        D:4 |     452 |       0 |   0.0 |      34 |       0 |   0.0
        D:5 |    1122 |     609 |  35.2 |      27 |       4 |  12.9
        D:6 |     434 |     169 |  28.0 |      17 |       1 |   5.6
            +---------+---------+-------+---------+---------+-------
